[Event "Titled Tuesday Blitz January 18 2022"]
[White "Donchenko, Alexander"]
[Black "Sviridov, Valery"]
[WhiteFideId "24603295"]
[BlackFideId "4120680"]
[WhiteElo "2539"]
[BlackElo "2454"]
[Result "1/2-1/2"]
[Round "04"]
[TimeControl "180+1"]
[Date "2022.01.18"]
[WhiteClock "0:00:10"]
[BlackClock "0:00:11"]

1. d4 g6 2. Nf3 Bg7 3. g3 d6 4. Bg2 Nf6 5. O-O O-O 6. b3 Nbd7 7. Bb2 e5 8. dxe5 Ng4 9. Qc1 dxe5 10. Rd1 Qe7 11. Nc3 Ngf6 12. Ba3 c5 13. e4 b6 14. Nd2 Bb7 15. Nc4 Rad8 16. Bb2 Nb8 17. Ne3 Nc6 18. Ncd5 Nxd5 19. Nxd5 Qe6 20. c3 Ne7 21. Qd2 f5 22. c4 Nc6 23. exf5 gxf5 24. Qg5 Qf7 25. Ne3 h6 26. Qh4 e4 27. Bxg7 Qxg7 28. Nxf5 Rxd1+ 29. Rxd1 Rxf5 30. Bxe4 Rf8 31. Rd6 Ne5 32. Bxb7 Qxb7 33. Qxh6 Qf7 34. f4 Qf5 35. Re6 Qb1+ 36. Kg2 Qc2+ 37. Kh3 Qf5+ 38. Kg2 Qc2+ 39. Kh3 Qf5+ 40. Kg2 Qe4+ 41. Kh3 Qf5+ 1/2-1/2


[Site "https://www.chess.com"]

[Event "Titled Tuesday Blitz January 18 2022"]
[White "Ekdyshman, Mikhail"]
[Black "Tregubov, Pavel V."]
[WhiteFideId "4149416"]
[BlackFideId "4115341"]
[WhiteElo "2156"]
[BlackElo "2341"]
[Result "1-0"]
[Round "04"]
[TimeControl "180+1"]
[Date "2022.01.18"]
[WhiteClock "0:00:39"]
[BlackClock "0:00:21"]

1. e4 e6 2. d4 d5 3. Nd2 c5 4. c3 Nc6 5. Ngf3 cxd4 6. cxd4 dxe4 7. Nxe4 Bb4+ 8. Nc3 Nf6 9. Bd3 O-O 10. O-O b6 11. a3 Be7 12. Re1 Bb7 13. Bc2 Rc8 14. Qd3 Re8 15. d5 exd5 16. Bg5 g6 17. Rxe7 Qxe7 18. Nxd5 Nxd5 19. Bxe7 Ncxe7 20. Ba4 Red8 21. Qe2 Nf5 22. g3 Nf6 23. Rd1 Rxd1+ 24. Qxd1 Ne4 25. Bb3 Kg7 26. Ne5 Ng5 27. h4 Nh3+ 28. Kf1 Rc7 29. Bd5 Bxd5 30. Qxd5 Rc2 31. Qxf7+ Kh6 32. Ng4+ 1-0


[Site "https://www.chess.com"]

[Event "Titled Tuesday Blitz January 18 2022"]
[White "Eljanov, Pavel"]
[Black "Suder, Jakub"]
[WhiteFideId "14102951"]
[BlackFideId "1195310"]
[WhiteElo "2601"]
[BlackElo "2058"]
[Result "0-1"]
[Round "04"]
[TimeControl "180+1"]
[Date "2022.01.18"]
[WhiteClock "0:01:09"]
[BlackClock "0:00:45"]

1. e4 c5 2. Nf3 e6 3. c4 Nc6 4. d4 cxd4 5. Nxd4 Nf6 6. Nc3 Bb4 7. Nxc6 bxc6 8. Bd3 d5 9. cxd5 exd5 10. exd5 Nxd5 11. O-O Nxc3 12. bxc3 Be7 13. Qc2 h6 14. Bf4 O-O 15. Rad1 Qa5 16. Rfe1 Bf6 17. c4 Bg4 18. f3 Be6 19. Bd6 Rfe8 20. c5 Qxa2 21. Bh7+ Kh8 22. Qxa2 Bxa2 23. Rxe8+ Rxe8 24. Be4 Rc8 25. Rd3 Bc4 26. Ra3 a6 27. Bf5 Re8 28. Be4 Bd4+ 29. Kh1 f5 30. Ra4 fxe4 31. Rxc4 e3 32. Bg3 e2 33. Be1 Bf2 34. Rc1 Bxe1 35. Rxe1 a5 0-1


[Site "https://www.chess.com"]

[Event "Titled Tuesday Blitz January 18 2022"]
[White "Ellenbogen, Michael"]
[Black "Ruiz Aguilar, Pablo Alexander"]
[WhiteFideId "2027143"]
[BlackFideId "4401352"]
[WhiteElo "2059"]
[BlackElo "2125"]
[Result "1-0"]
[Round "04"]
[TimeControl "180+1"]
[Date "2022.01.18"]
[WhiteClock "0:00:39"]
[BlackClock "0:00:13"]

1. c4 c6 2. g3 d5 3. Nf3 Nf6 4. Bg2 e6 5. O-O Nbd7 6. b3 Bd6 7. d4 Qe7 8. Bb2 O-O 9. Nc3 Ba3 10. Bxa3 Qxa3 11. h4 Qe7 12. Qc2 Rd8 13. e4 dxe4 14. Nxe4 Nxe4 15. Qxe4 Nf6 16. Qf4 a5 17. Ne5 a4 18. Rfd1 Bd7 19. b4 Be8 20. a3 Nd7 21. Nd3 Nf6 22. g4 Qd6 23. Qxd6 Rxd6 24. Nc5 Ra7 25. g5 Nh5 26. d5 cxd5 27. cxd5 b6 28. dxe6 bxc5 29. Rxd6 fxe6 30. bxc5 Nf4 31. c6 Rc7 32. Rc1 Ne2+ 33. Kh2 Nxc1 34. Rd8 Kf8 35. Ra8 Ke7 36. Rxa4 Bxc6 37. Rc4 Kd6 38. Rxc1 Bxg2 39. Rxc7 Kxc7 40. Kxg2 Kb6 41. Kf3 Kc5 42. Ke4 Kc4 43. Ke5 Kb3 44. Kxe6 Kxa3 45. f4 Kb3 46. f5 Kc4 47. f6 gxf6 48. gxf6 1-0


[Site "https://www.chess.com"]

[Event "Titled Tuesday Blitz January 18 2022"]
[White "Erdogdu, Mert"]
[Black "Budisavljevic, Luka"]
[WhiteFideId "6301495"]
[BlackFideId "960047"]
[WhiteElo "2485"]
[BlackElo "2331"]
[Result "1-0"]
[Round "04"]
[TimeControl "180+1"]
[Date "2022.01.18"]
[WhiteClock "0:00:21"]
[BlackClock "0:00:02"]

1. e4 g6 2. d4 Bg7 3. Nc3 c6 4. Nf3 d5 5. h3 dxe4 6. Nxe4 Nf6 7. Nxf6+ exf6 8. Bd3 O-O 9. O-O a5 10. c4 Na6 11. a3 Nc7 12. b3 b5 13. a4 bxc4 14. bxc4 Re8 15. Be3 Na6 16. Rc1 Nb4 17. Bb1 Ba6 18. Re1 Qd7 19. Qb3 Rab8 20. Bf4 Rbd8 21. Rcd1 Re6 22. Re3 Rxe3 23. Bxe3 Qe6 24. Rc1 f5 25. Bd3 Bf6 26. Bf1 Kg7 27. Qd1 Qe4 28. Qd2 Kg8 29. Bg5 Bxg5 30. Qxg5 Re8 31. Re1 Qxe1 32. Nxe1 Rxe1 33. Qd8+ Kg7 34. Qxa5 Bxc4 35. Qxb4 Rxf1+ 36. Kh2 Bd5 37. Qb2 f4 38. a5 Re1 39. a6 Re8 40. a7 Ra8 41. Qb8 c5 42. dxc5 f3 43. Qe5+ 1-0


[Site "https://www.chess.com"]

[Event "Titled Tuesday Blitz January 18 2022"]
[White "Erece, Ece Alkim"]
[Black "Narayanan.S.L"]
[WhiteFideId "6346006"]
[BlackFideId "5058422"]
[WhiteElo "1662"]
[BlackElo "2494"]
[Result "0-1"]
[Round "04"]
[TimeControl "180+1"]
[Date "2022.01.18"]
[WhiteClock "0:02:27"]
[BlackClock "0:02:44"]

1. Nf3 Nc6 2. g3 e5 3. d3 f5 4. Bg2 Nf6 5. O-O Be7 6. Nbd2 O-O 7. e4 d6 8. c3 Kh8 9. h3 Qe8 10. Nh2 fxe4 11. dxe4 Be6 12. Qe2 Qg6 13. Re1 Rf7 14. Ndf3 Nh5 15. Nh4 Bxh4 16. gxh4 Bxh3 17. Bg5 Bxg2 0-1


[Site "https://www.chess.com"]

[Event "Titled Tuesday Blitz January 18 2022"]
[White "Ezat, Mohamed"]
[Black "Vusatiuk, Vladimir"]
[WhiteFideId "10600906"]
[BlackFideId "14118610"]
[WhiteElo "2386"]
[BlackElo "2157"]
[Result "1-0"]
[Round "04"]
[TimeControl "180+1"]
[Date "2022.01.18"]
[WhiteClock "0:00:11"]
[BlackClock "0:00:02"]

1. d4 Nf6 2. c4 e6 3. Nc3 Bb4 4. e3 O-O 5. a3 Bxc3+ 6. bxc3 b6 7. Bd3 Bb7 8. f3 d5 9. cxd5 exd5 10. Ne2 Re8 11. O-O c5 12. Ng3 h5 13. Ra2 Nbd7 14. Re2 Nf8 15. Nh1 a5 16. Nf2 g6 17. Rfe1 Rc8 18. Bb2 Ne6 19. Bb5 Bc6 20. Bxc6 Rxc6 21. e4 Nf4 22. Re3 cxd4 23. cxd4 Qc8 24. e5 Nd7 25. Bc1 Ne6 26. Rd3 Rc4 27. f4 Ng7 28. h3 Nf8 29. g4 hxg4 30. hxg4 f6 31. Be3 fxe5 32. dxe5 Nfe6 33. Qf3 d4 34. Bd2 Rf8 35. Ne4 Qc6 36. Nf6+ Kf7 37. Qh3 Rc2 38. f5 gxf5 39. gxf5 Nc5 40. Rg3 Nxf5 41. Qxf5 Rxd2 42. Rg7+ Kxg7 43. Qh7# 1-0


[Site "https://www.chess.com"]

[Event "Titled Tuesday Blitz January 18 2022"]
[White "Farahat, Ali"]
[Black "FGHSMN"]
[WhiteFideId "10600507"]
[WhiteElo "2321"]
[BlackElo "2746"]
[Result "1/2-1/2"]
[Round "04"]
[TimeControl "180+1"]
[Date "2022.01.18"]
[WhiteClock "0:01:23"]
[BlackClock "0:00:02"]

1. e4 c5 2. Nf3 d6 3. c3 Nf6 4. h3 g6 5. Bd3 Bg7 6. Bc2 O-O 7. d4 cxd4 8. cxd4 b5 9. Nc3 b4 10. Ne2 Bb7 11. Ng3 Nc6 12. O-O e5 13. Bg5 exd4 14. Nxd4 Nxd4 15. Qxd4 Nxe4 16. Qxe4 Bxe4 17. Bxd8 Bxc2 18. Be7 Rfe8 19. Rac1 Bd3 20. Rfd1 Rxe7 21. Rxd3 Bxb2 22. Rc4 a5 23. Rxd6 Re1+ 24. Kh2 Be5 25. Rd5 Bxg3+ 26. Kxg3 Re2 27. a3 bxa3 28. Ra4 a2 29. Rdxa5 Rxa5 30. Rxa5 Kf8 31. h4 h5 32. Kf3 Rc2 33. Ra7 Ke8 34. Ke3 Kd8 35. g3 Kc8 36. f3 Kb8 37. Ra5 Kb7 38. Kf4 Kb6 39. Ra8 Rc4+ 40. Ke3 Rc2 41. Kf4 Kb5 42. Kg5 Rf2 43. f4 Rg2 44. Kf6 Kb4 45. Kxf7 Kb3 46. Kxg6 Rxg3+ 47. Kxh5 Kb2 48. Rxa2+ Kxa2 49. f5 Kb3 50. f6 Kc4 51. f7 Rf3 52. Kg6 Kd5 53. Kg7 Rg3+ 54. Kh8 Rf3 55. Kg8 Rg3+ 56. Kh8 Rf3 57. Kg8 Ke6 58. f8=R Rg3+ 59. Kh7 Rg4 60. h5 Ke7 61. Rf1 Rg3 62. h6 Rg4 63. Kh8 Rg3 64. Rf5 Rg2 65. Rf1 Rg3 66. Ra1 Rg2 67. Ra7+ Kf8 68. Rg7 Rh2 69. h7 Re2 70. Rg8+ Kf7 71. Rg7+ Kf6 72. Rg8 Kf7 73. Ra8 Re3 74. Ra7+ Kf8 75. Rg7 Re4 76. Rg8+ Kf7 77. Ra8 Re5 78. Rb8 Re4 79. Rg8 Re3 80. Rg1 Re2 81. Rf1+ Kg6 82. Kg8 Re8+ 83. Rf8 Rxf8+ 84. Kxf8 Kxh7 1/2-1/2


[Site "https://www.chess.com"]

[Event "Titled Tuesday Blitz January 18 2022"]
[White "Gelman, Alexander"]
[Black "Yurovskykh, Oleksandr"]
[WhiteFideId "4118316"]
[BlackFideId "14134020"]
[WhiteElo "2375"]
[BlackElo "2292"]
[Result "1-0"]
[Round "04"]
[TimeControl "180+1"]
[Date "2022.01.18"]
[WhiteClock "0:00:05"]
[BlackClock "0:00:03"]

1. d4 d5 2. Nc3 Nf6 3. Bf4 c5 4. e3 cxd4 5. exd4 a6 6. Nf3 Bg4 7. h3 Bxf3 8. Qxf3 Nc6 9. O-O-O e6 10. g4 Bd6 11. Kb1 Bxf4 12. Qxf4 h6 13. h4 Qb8 14. Qf3 Qd6 15. g5 hxg5 16. hxg5 Rxh1 17. Qxh1 Nd7 18. Qh8+ Qf8 19. Qh2 O-O-O 20. a3 g6 21. Qf4 Qg7 22. Na4 Qf8 23. c4 dxc4 24. Bg2 e5 25. dxe5 Ndxe5 26. Nb6+ Kc7 27. Rxd8 Qxd8 28. Nd5+ Kb8 29. Ka1 Qd6 30. Qe3 Nd7 31. Qe8+ Ka7 32. Qxf7 Nce5 33. Qf4 Qc5 34. Qe4 Qxf2 35. Nf6 Qb6 36. Nd5 Qb3 37. Nc3 Qb6 38. Na4 Qb3 39. Qd4+ Kb8 40. Nc3 Qb6 41. Qd5 Ka7 42. Ne4 Qg1+ 43. Ka2 Qb6 44. Nd6 Qc5 45. Qxb7# 1-0


[Site "https://www.chess.com"]

[Event "Titled Tuesday Blitz January 18 2022"]
[White "Gomez Ledo, Roberto Carlos"]
[Black "Ljukin, Sergei"]
[WhiteFideId "3507076"]
[BlackFideId "14102200"]
[WhiteElo "2379"]
[BlackElo "2312"]
[Result "0-1"]
[Round "04"]
[TimeControl "180+1"]
[Date "2022.01.18"]
[WhiteClock "0:00:02"]
[BlackClock "0:00:57"]

1. d4 d5 2. Bf4 Nf6 3. e3 c5 4. c3 Nc6 5. Nd2 Bf5 6. Ngf3 e6 7. Qb3 Qb6 8. Qxb6 axb6 9. Bc7 Nd7 10. Bb5 Be7 11. h3 O-O 12. a3 Rfc8 13. Bg3 c4 14. a4 Nf6 15. O-O Na7 16. Rfc1 Nxb5 17. axb5 Ra5 18. Rxa5 bxa5 19. Ra1 b6 20. Ne5 Bc2 21. Nc6 Bf8 22. Bb8 Nd7 23. Bg3 Ra8 24. Nf3 f6 25. Nd2 a4 26. Nb1 Bxb1 27. Rxb1 a3 28. bxa3 Rxa3 29. Rc1 Rb3 30. Na7 Ba3 31. Rc2 Bb2 32. Bc7 Bxc3 33. g4 Ba5 34. Kg2 e5 35. dxe5 fxe5 36. Bd6 c3 37. f4 d4 38. fxe5 d3 39. e6 Nf6 40. Rf2 Rb2 41. g5 Ne8 42. Ba3 Rxf2+ 43. Kxf2 c2 44. Nc6 d2 45. Ne7+ Kh8 0-1


[Site "https://www.chess.com"]

[Event "Titled Tuesday Blitz January 18 2022"]
[White "Guliev, Logman"]
[Black "Petrovskyi, Vadym"]
[WhiteFideId "13400061"]
[BlackFideId "14165210"]
[WhiteElo "2128"]
[BlackElo "2424"]
[Result "0-1"]
[Round "04"]
[TimeControl "180+1"]
[Date "2022.01.18"]
[WhiteClock "0:00:14"]
[BlackClock "0:00:07"]

1. e4 c5 2. Nf3 d6 3. d4 cxd4 4. Nxd4 Nf6 5. Nc3 a6 6. f4 e5 7. Nf3 Nbd7 8. Bd3 Be7 9. O-O O-O 10. Kh1 b5 11. a3 Bb7 12. Nh4 Nc5 13. Nf5 exf4 14. Bxf4 Ne6 15. Bg3 Ne8 16. Nd5 Bxd5 17. exd5 Nc5 18. Be2 Bf6 19. c3 Ne4 20. Bd3 Nxg3+ 21. Nxg3 g6 22. Qf3 Be5 23. Ne4 f5 24. Ng3 Nf6 25. Rae1 Qd7 26. b3 Rae8 27. c4 bxc4 28. bxc4 Qc7 29. Rb1 Rb8 30. Ne2 Qa5 31. Nf4 Qxa3 32. Ne6 Rfc8 33. Rxb8 Rxb8 34. c5 dxc5 35. d6 Bxd6 36. Qe2 Qc3 37. Bc4 Kh8 38. Ng5 Kg7 39. Qe6 Qe5 40. Qf7+ Kh6 41. Ne6 Qxh2# 0-1


[Site "https://www.chess.com"]

[Event "Titled Tuesday Blitz January 18 2022"]
[White "Guz, Ari"]
[Black "Salinas Herrera, Pablo"]
[WhiteFideId "2825759"]
[BlackFideId "3407128"]
[WhiteElo "1913"]
[BlackElo "2541"]
[Result "0-1"]
[Round "04"]
[TimeControl "180+1"]
[Date "2022.01.18"]
[WhiteClock "0:00:14"]
[BlackClock "0:00:08"]

1. e4 g6 2. d4 Bg7 3. Nf3 a6 4. a4 d6 5. Nc3 Bg4 6. Be2 Nc6 7. Be3 e5 8. d5 Nce7 9. h3 Bd7 10. g4 h5 11. g5 f5 12. gxf6 Nxf6 13. Qd2 b5 14. Ng5 Qb8 15. axb5 axb5 16. Rxa8 Qxa8 17. Bxb5 O-O 18. Bxd7 Nxd7 19. Ne6 Rf7 20. Ng5 Rf6 21. Ke2 Nf8 22. b4 Bh6 23. Rg1 Qc8 24. Rg3 Qd7 25. Nf3 Bf4 26. Bxf4 exf4 27. Rg1 Qxh3 28. Qd4 Nd7 29. Nb5 Rf7 30. Nxc7 Ne5 31. Nxe5 dxe5 32. Qxe5 Qh2 33. Rg5 f3+ 34. Ke3 Qh1 35. Kd2 Qf1 36. Qd4 h4 37. d6 Nc6 38. Qc5 Qe2+ 39. Kc1 Qxe4 40. Nd5 Ne5 41. Rxe5 Qxe5 42. Ne7+ Rxe7 43. dxe7 Qxc5 44. bxc5 Kf7 0-1


[Site "https://www.chess.com"]

[Event "Titled Tuesday Blitz January 18 2022"]
[White "Hakobyan, Aram"]
[Black "Izoria, Zviad"]
[WhiteFideId "13306677"]
[BlackFideId "13601733"]
[WhiteElo "2557"]
[BlackElo "2626"]
[Result "1-0"]
[Round "04"]
[TimeControl "180+1"]
[Date "2022.01.18"]
[WhiteClock "0:01:06"]
[BlackClock "0:00:02"]

1. d4 Nf6 2. c4 e6 3. Nf3 Bb4+ 4. Nc3 b6 5. Qc2 Bb7 6. a3 Bxc3+ 7. Qxc3 d6 8. Bg5 h6 9. Bh4 Nbd7 10. Nd2 O-O 11. f3 c5 12. dxc5 bxc5 13. e3 a5 14. b3 Qb6 15. Be2 d5 16. Bf2 Ba6 17. O-O e5 18. Bd3 d4 19. Qc2 Bb7 20. Rab1 Rfe8 21. Rfe1 Nf8 22. exd4 exd4 23. b4 Rxe1+ 24. Rxe1 axb4 25. axb4 Ne6 26. bxc5 Nxc5 27. Bf1 Rd8 28. Rb1 Qd6 29. Qb2 Bc8 30. Qa3 Bf5 31. Rb5 Nfd7 32. Nb3 Rc8 33. Bxd4 1-0


[Site "https://www.chess.com"]

[Event "Titled Tuesday Blitz January 18 2022"]
[White "Hirneise, Jens"]
[Black "Tristan, Leonardo"]
[WhiteFideId "24614734"]
[BlackFideId "113816"]
[WhiteElo "2323"]
[BlackElo "2404"]
[Result "0-1"]
[Round "04"]
[TimeControl "180+1"]
[Date "2022.01.18"]
[WhiteClock "0:00:04"]
[BlackClock "0:00:16"]

1. e4 d5 2. Nc3 dxe4 3. Nxe4 Bf5 4. Qf3 Qd5 5. d3 Nc6 6. Nc3 Qa5 7. Bd2 Nf6 8. O-O-O Bg4 9. Qg3 Bxd1 10. Kxd1 O-O-O 11. Nf3 h6 12. Kc1 e6 13. Be2 Rg8 14. Kb1 Bd6 15. Qh4 Qf5 16. h3 g5 17. Qa4 Qa5 18. Qxa5 Nxa5 19. Nb5 Nc6 20. Nxd6+ cxd6 21. Nh2 Kd7 22. c3 Ke7 23. Ng4 Rh8 24. d4 Nd5 25. Nxh6 Rxh6 26. Bxg5+ Rf6 27. Re1 Rg8 28. Bxf6+ Nxf6 29. g3 Ne4 30. d5 Ne5 31. f4 Nd7 32. dxe6 fxe6 33. g4 d5 34. Kc2 Rf8 35. f5 exf5 36. gxf5 Rxf5 37. Bg4 Rf2+ 38. Kc1 Ne5 39. Be2 Rh2 40. c4 Kd6 41. Bf1 Nc5 42. Kb1 d4 43. Rd1 d3 44. b4 Ne4 45. Ka1 Nc3 46. c5+ Kc7 0-1


[Site "https://www.chess.com"]

[Event "Titled Tuesday Blitz January 18 2022"]
[White "Indjic, Aleksandar"]
[Black "Nigmatov, Ortik"]
[WhiteFideId "911925"]
[BlackFideId "14202131"]
[WhiteElo "2616"]
[BlackElo "2378"]
[Result "1-0"]
[Round "04"]
[TimeControl "180+1"]
[Date "2022.01.18"]
[WhiteClock "0:00:20"]
[BlackClock "0:00:05"]

1. d4 Nf6 2. c4 e6 3. Nc3 d5 4. Nf3 Bb4 5. Bg5 c6 6. e3 h6 7. Bh4 O-O 8. Qc2 Nbd7 9. Bd3 Be7 10. O-O b6 11. Rad1 Bb7 12. Ne5 Nxe5 13. dxe5 Nd7 14. Bg3 Rc8 15. f4 f5 16. exf6 Bxf6 17. e4 Nc5 18. e5 Bh4 19. Bg6 Qe7 20. b3 a5 21. Qe2 Bxg3 22. hxg3 Ba6 23. Bb1 Rcd8 24. Qg4 d4 25. Ne4 d3 26. Nxc5 Qxc5+ 27. Kh2 Qe3 28. Rf3 Qe2 29. Rdxd3 Bc8 30. Qg6 Rde8 31. Rd6 Rf5 1-0


[Site "https://www.chess.com"]

[Event "Titled Tuesday Blitz January 18 2022"]
[White "Ivanisevic, Ivan"]
[Black "Aydin, Gulenay"]
[WhiteFideId "912417"]
[BlackFideId "34557431"]
[WhiteElo "2495"]
[BlackElo "1429"]
[Result "1-0"]
[Round "04"]
[TimeControl "180+1"]
[Date "2022.01.18"]
[WhiteClock "0:00:45"]
[BlackClock "0:00:37"]

1. e4 c5 2. Nc3 d6 3. g3 g6 4. Bg2 Bg7 5. d3 Nc6 6. Nh3 Nf6 7. f4 Bg4 8. Qd2 Bxh3 9. Bxh3 O-O 10. O-O Rb8 11. Qg2 Qc7 12. a4 a6 13. g4 b5 14. axb5 axb5 15. g5 Nd7 16. Nd5 Qd8 17. f5 Be5 18. Bg4 Nb6 19. Nf4 c4 20. Be3 cxd3 21. cxd3 Na4 22. fxg6 hxg6 23. Nxg6 fxg6 24. Be6+ Kg7 25. Qh3 Rh8 26. Rf7+ Kg8 27. Rh7+ Kf8 28. Rf1+ Ke8 29. Rxh8+ Bxh8 30. Qxh8# 1-0


[Site "https://www.chess.com"]

[Event "Titled Tuesday Blitz January 18 2022"]
[White "Jobava, Baadur"]
[Black "Djordjevic, Vuk"]
[WhiteFideId "13601520"]
[BlackFideId "902098"]
[WhiteElo "2617"]
[BlackElo "2463"]
[Result "1-0"]
[Round "04"]
[TimeControl "180+1"]
[Date "2022.01.18"]
[WhiteClock "0:01:25"]
[BlackClock "0:00:01"]

1. e4 e6 2. d4 d5 3. exd5 exd5 4. Nf3 Bd6 5. Bd3 Nf6 6. O-O O-O 7. h3 h6 8. Re1 c5 9. dxc5 Bxc5 10. Nc3 Nc6 11. Bf4 Be6 12. Qd2 Re8 13. Rad1 a6 14. a3 Rc8 15. Qc1 Bf8 16. Ne2 g5 17. Be3 g4 18. Bxh6 Nh5 19. Bxf8 Kxf8 20. Qh6+ Ke7 21. hxg4 Rh8 22. Qg5+ f6 23. Qe3 Ng7 24. Nf4 Qd6 25. Ng6+ Kf7 26. Nxh8+ Rxh8 27. g5 d4 28. Qe4 Bf5 29. Bc4+ Kf8 30. Qd5 Qxd5 31. Bxd5 fxg5 32. Bxc6 bxc6 33. Nxd4 Bd7 34. Nf3 Be8 35. Nxg5 Rh6 36. Rd8 Rg6 37. f4 Rf6 38. Nh7+ 1-0


[Site "https://www.chess.com"]

[Event "Titled Tuesday Blitz January 18 2022"]
[White "Jocev, Milan"]
[Black "Leiva, Gianmarco"]
[WhiteFideId "900680"]
[BlackFideId "3804399"]
[WhiteElo "2322"]
[BlackElo "2328"]
[Result "1/2-1/2"]
[Round "04"]
[TimeControl "180+1"]
[Date "2022.01.18"]
[WhiteClock "0:00:12"]
[BlackClock "0:00:04"]

1. Nf3 Nf6 2. g3 d5 3. Bg2 e6 4. O-O Be7 5. d4 O-O 6. c4 c6 7. Nbd2 Nbd7 8. b3 b5 9. Bb2 a5 10. Qc2 a4 11. c5 b4 12. bxa4 Ba6 13. Rfe1 Qa5 14. a3 bxa3 15. Bc3 Qc7 16. Rxa3 Rfb8 17. e3 Ng4 18. Rb1 f5 19. Rxb8+ Qxb8 20. Qb2 Qa7 21. Rb3 Bd8 22. h3 Ngf6 23. Ng5 Nf8 24. h4 Bc7 25. Nh3 Kf7 26. Nf4 h6 27. a5 g5 28. hxg5 hxg5 29. Nh3 g4 30. Nf4 Bb5 31. Bf1 Bxf1 32. Nxf1 Bxf4 33. Rb7+ Bc7 34. Rxa7 Rxa7 35. Nd2 N8d7 36. Kg2 Ke7 37. f3 Bxa5 38. Bxa5 Rxa5 39. e4 gxf3+ 40. Nxf3 Nxe4 41. Qc1 Ra2+ 42. Kh3 Rf2 43. Ne5 Nxe5 44. dxe5 Rf3 45. Qh6 Rxg3+ 46. Kh2 Rg4 47. Qh7+ Kd8 48. Qh8+ Kc7 49. Qf8 Rh4+ 50. Kg2 Rg4+ 51. Kf3 Rg3+ 52. Ke2 Rg2+ 53. Kf1 Rf2+ 54. Ke1 Ra2 55. Qe7+ Kb8 56. Qxe6 f4 57. Qxc6 f3 58. Qb6+ Ka8 59. Qc6+ Ka7 60. Qb6+ Ka8 61. Qd8+ Ka7 62. Qd7+ Ka6 63. Qc6+ Ka5 64. Qb6+ Ka4 65. Qa6+ Kb3 66. Qd3+ Kb4 67. Qd4+ Kb5 68. Qd3+ Kxc5 69. Qxf3 Ra1+ 70. Ke2 Ra2+ 71. Ke1 Ra1+ 72. Ke2 Ra2+ 73. Ke1 1/2-1/2


[Site "https://www.chess.com"]

[Event "Titled Tuesday Blitz January 18 2022"]
[White "Kamsky, Gata"]
[Black "Vlassov, Nikolai"]
[WhiteFideId "2000024"]
[BlackFideId "4103360"]
[WhiteElo "2645"]
[BlackElo "2407"]
[Result "1/2-1/2"]
[Round "04"]
[TimeControl "180+1"]
[Date "2022.01.18"]
[WhiteClock "0:00:16"]
[BlackClock "0:00:08"]

1. d4 Nf6 2. Nf3 e6 3. Bf4 d5 4. e3 Bd6 5. Bxd6 cxd6 6. c4 dxc4 7. Bxc4 O-O 8. Nc3 a6 9. a3 b5 10. Bd3 Bb7 11. O-O Nbd7 12. e4 e5 13. d5 Nb6 14. Nd2 Bc8 15. b4 Bg4 16. f3 Bd7 17. Nb3 Nh5 18. g3 Rc8 19. Rc1 Nc4 20. Bxc4 Rxc4 21. Na5 Qb6+ 22. Kg2 Rc7 23. Qd2 Rfc8 24. Ne2 h6 25. Rxc7 Rxc7 26. Rc1 Nf6 27. Rxc7 Qxc7 28. Qc3 Qxc3 29. Nxc3 Kf8 30. Nc6 Ke8 31. h4 g5 32. hxg5 hxg5 33. Na5 Kd8 34. Nb3 Kc7 35. Nd2 Ng8 36. f4 gxf4 37. gxf4 exf4 38. Kf3 f5 39. Kxf4 fxe4 40. Ndxe4 Ne7 41. Ng5 Ng6+ 42. Ke4 Ne5 43. Kd4 Bf5 44. a4 bxa4 45. Nxa4 Nd3 46. Kc4 Ne5+ 47. Kc3 Bd7 48. Nb2 Ng4 49. Kd4 Nf6 50. Nd1 Ne8 51. Ne3 Kb6 52. Nc4+ Kb5 53. Kc3 Bg4 54. Nf7 Bf3 55. Nfxd6+ Nxd6 56. Nxd6+ Ka4 57. Kc4 Bxd5+ 58. Kxd5 Kxb4 59. Nc4 a5 60. Nxa5 1/2-1/2


[Site "https://www.chess.com"]

[Event "Titled Tuesday Blitz January 18 2022"]
[White "Karas, Marek"]
[Black "Sorensen, Hampus"]
[WhiteFideId "14928558"]
[BlackFideId "8703884"]
[WhiteElo "2270"]
[BlackElo "2262"]
[Result "1-0"]
[Round "04"]
[TimeControl "180+1"]
[Date "2022.01.18"]
[WhiteClock "0:00:06"]
[BlackClock "0:00:01"]

1. d4 d5 2. Nf3 Nf6 3. c4 c6 4. Nc3 e6 5. g3 dxc4 6. Bg2 b5 7. O-O Bb7 8. e4 Be7 9. e5 Nd5 10. Ne4 h6 11. a4 O-O 12. h4 Nd7 13. Nh2 a6 14. Qh5 f5 15. exf6 N7xf6 16. Nxf6+ Bxf6 17. Rd1 Qe8 18. Qg4 e5 19. dxe5 Qxe5 20. Bxh6 Bc8 21. Qg6 Bf5 22. Qh5 Bc2 23. Rxd5 Qxh5 24. Rxh5 gxh6 25. Bxc6 Rab8 26. Ng4 Bxb2 27. Re1 Bg7 28. axb5 axb5 29. Bxb5 Bb3 30. Rc5 Rfc8 31. Rxc8+ Rxc8 32. Ne3 c3 33. Bd3 c2 34. Nxc2 Bxc2 35. Rc1 Bxd3 36. Rxc8+ Kh7 37. Rc7 h5 38. Rc5 Be2 39. Rd5 Bf3 40. Rf5 Bg4 41. Rf4 Kg6 42. f3 Be6 43. Kg2 Be5 44. Re4 Kf5 45. Re2 Bd5 46. Rd2 Bc6 47. Rc2 Bb7 48. Ra2 Bc6 49. Ra3 Bb7 50. Ra5 Bc6 51. Kf2 Kf6 52. Ke3 Bxg3 53. Ra6 Bxh4 54. Rxc6+ Kg7 55. Ke4 Bf2 56. Kf5 1-0


[Site "https://www.chess.com"]

[Event "Titled Tuesday Blitz January 18 2022"]
[White "Karttunen, Mika"]
[Black "Kucuksari, Kaan"]
[WhiteFideId "502081"]
[BlackFideId "6380166"]
[WhiteElo "2343"]
[BlackElo "2305"]
[Result "0-1"]
[Round "04"]
[TimeControl "180+1"]
[Date "2022.01.18"]
[WhiteClock "0:00:05"]
[BlackClock "0:00:38"]

1. e4 c5 2. Nf3 e6 3. d4 cxd4 4. Nxd4 a6 5. Nc3 Qc7 6. Bd3 Nf6 7. O-O d6 8. Kh1 Nbd7 9. f4 Be7 10. f5 Nc5 11. Be3 Nxd3 12. cxd3 e5 13. Nb3 O-O 14. Rc1 Qd7 15. d4 b5 16. a3 Bb7 17. d5 Rac8 18. Qd3 Rc4 19. Na5 Rc7 20. Bb6 Rcc8 21. Na2 Rxc1 22. Rxc1 Rc8 23. Rc2 g6 24. fxg6 fxg6 25. h3 Nh5 26. Nb4 Bd8 27. Bxd8 Rxd8 28. Nbc6 Rf8 29. Qe3 Bxc6 30. dxc6 Qc7 31. b4 Rf4 32. Kh2 Nf6 33. Qb3+ Kg7 34. Qe6 Rxe4 35. Rf2 Rf4 36. Rd2 d5 37. Rxd5 Nxd5 38. Qxd5 Rd4 39. Qe6 e4+ 40. Kg1 Rd1+ 41. Kf2 Qf4+ 42. Ke2 Rd2+ 43. Ke1 Qf2# 0-1


[Site "https://www.chess.com"]

[Event "Titled Tuesday Blitz January 18 2022"]
[White "Kavyev, Ruslan"]
[Black "Martin Duque, Jesus"]
[WhiteFideId "34110981"]
[BlackFideId "2208954"]
[WhiteElo "2182"]
[BlackElo "2243"]
[Result "1-0"]
[Round "04"]
[TimeControl "180+1"]
[Date "2022.01.18"]
[WhiteClock "0:02:26"]
[BlackClock "0:01:49"]

1. e4 c5 2. Nf3 b6 3. d4 cxd4 4. Nxd4 Bb7 5. Nc3 a6 6. g3 e6 7. Bg2 Qc7 8. O-O h5 9. Re1 h4 10. Bg5 hxg3 11. hxg3 Be7 12. Qd2 Rh5 13. Nd5 exd5 14. exd5 Kf8 15. Bxe7+ Nxe7 16. Qe2 g6 17. Qxe7+ Kg7 18. Ne6+ dxe6 19. Qxc7 1-0


[Site "https://www.chess.com"]

[Event "Titled Tuesday Blitz January 18 2022"]
[White "Khumalo, Keith"]
[Black "Bryakin, Mikhail"]
[WhiteFideId "14319470"]
[BlackFideId "4165314"]
[WhiteElo "1992"]
[BlackElo "2421"]
[Result "1-0"]
[Round "04"]
[TimeControl "180+1"]
[Date "2022.01.18"]
[WhiteClock "0:01:41"]
[BlackClock "0:00:39"]

1. d4 f5 2. c4 Nf6 3. g3 g6 4. Bg2 Bg7 5. Nh3 O-O 6. O-O d6 7. d5 c6 8. Nc3 e5 9. dxe6 Bxe6 10. Qb3 Qb6 11. Ng5 Bf7 12. Rd1 Ne8 13. Be3 Qc7 14. Bf4 Na6 15. Nxf7 Rxf7 16. Qa3 Be5 17. Bxe5 dxe5 18. c5 e4 19. b4 Nf6 20. e3 Ng4 21. Bf1 Nb8 22. Bc4 Nd7 23. Bxf7+ Kxf7 24. Qb3+ Kg7 25. Qe6 Nde5 26. h3 Nf3+ 27. Kg2 Nge5 28. Rd6 Rf8 29. Rad1 Rf7 30. Rd8 Nd3 31. R8xd3 Ng5 32. Qxf7+ Nxf7 33. Rd7 Qe5 34. Ne2 g5 35. Rxb7 Kg6 36. Rdd7 Nh6 37. Rd6+ Kh5 38. g4+ fxg4 39. Ng3+ Qxg3+ 40. fxg3 1-0


[Site "https://www.chess.com"]